[Event "PJKL 2008 D categorie"]
[Site "Gemeente Leudal"]
[Date "2008.12.28"]
[Round "1"]
[White "Steinbusch, Milan "]
[Black "Parren, Ashley "]
[Result "0-1"]
[ECO "C42"]
[WhiteElo "763"]
[BlackElo "695"]
[PlyCount "74"]
[EventDate "2008.??.??"]
[TimeControl "240+2"]

{65MB, Fritz10.ctg, LT-111} 1. e4 e5 2. Nf3 Bd6 3. Bc4 Nf6 4. Ng5 O-O 5. d3 h6
6. Nh3 Nc6 7. Nc3 Bb4 8. a3 Bxc3+ 9. bxc3 d6 10. Bd5 Ne7 11. c4 Bg4 12. f3 Bd7
13. O-O c6 14. Bxf7+ Rxf7 15. f4 Bg4 16. Qd2 Qb6+ 17. Nf2 d5 18. fxe5 Nh7 19.
h3 Bc8 20. Qc3 dxe4 21. dxe4 Ng6 22. Bb2 Ng5 23. h4 Nxe4 24. Qe1 Ng3 25. e6 Re7
26. h5 Nxf1 27. hxg6 Rxe6 28. Qxf1 Bd7 29. Re1 Rxe1 30. Qxe1 Re8 31. Qc3 Re7
32. Kf1 Bf5 33. c5 Qd8 34. Kg1 Qc7 35. g4 Bxg6 36. Qc4+ Bf7 37. Qc3 Bg6 0-1

[Event "PJKL 2008 D categorie"]
[Site "Gemeente Leudal"]
[Date "2008.12.28"]
[Round "1"]
[White "Terwel, Diederick "]
[Black "van der Laan, Daniel "]
[Result "1-0"]
[ECO "B01"]
[WhiteElo "976"]
[BlackElo "593"]
[PlyCount "59"]
[EventDate "2008.??.??"]
[TimeControl "240+2"]

{65MB, Fritz10.ctg, LT-111} 1. e4 d5 2. f3 e5 3. d4 Nc6 4. dxe5 Nxe5 5. Nc3 d4
6. Nb5 Bd6 7. Qxd4 Bd7 8. Nxd6+ cxd6 9. Bf4 Nc6 10. Qxg7 Nb4 11. Qxh8 Nxc2+ 12.
Kd1 Nxa1 13. Qxg8+ Ke7 14. Bg5+ Ke6 15. Bxd8 Rxd8 16. Qxd8 Ba4+ 17. b3 Bxb3+
18. axb3 Nxb3 19. Bc4+ Ke5 20. Bxb3 Kf4 21. Qf6+ Ke3 22. Nh3 Kd3 23. Qxd6+ Kc3
24. g4 Kxb3 25. f4 a5 26. e5 a4 27. Kd2 a3 28. Qd3+ Kb2 29. Rb1+ Ka2 30. Qc2#
1-0

[Event "PJKL 2008 D categorie"]
[Site "Gemeente Leudal"]
[Date "2008.12.28"]
[Round "1"]
[White "Hegge, Freek "]
[Black "Broens, Damian"]
[Result "1-0"]
[ECO "C50"]
[WhiteElo "888"]
[BlackElo "879"]
[PlyCount "89"]
[EventDate "2008.??.??"]
[TimeControl "240+2"]

{65MB, Fritz10.ctg, LT-111} 1. e4 e5 2. Nf3
Nc6 3. Bc4 Bc5 4. Nc3 Qf6 5. d3 d6 6. Bg5 Qg6 7. Nd5 Bb6 8. Be3 Ba5+ 9. c3 Bg4
10. h3 Bxf3 11. Qxf3 Nh6 12. b4 O-O 13. bxa5 a6 14. O-O Rfe8 15. Rab1 Nxa5 16.
Nxc7 Rac8 17. Nd5 Qe6 18. Nb6 Nxc4 19. dxc4 Rc6 20. Qg3 a5 21. Bxh6 Qxh6 22.
Nd7 Rd8 23. Nb6 Qd2 24. Nd5 Re8 25. Nf6+ Kf8 26. Nxe8 Kxe8 27. Rxb7 Qh6 28. Qd3
Qe6 29. c5 Rxc5 30. Qa6 Rc8 31. Qa7 Rxc3 32. Rfb1 Rc8 33. Rb8 Kd8 34. Rxc8+
Qxc8 35. Rb8 f5 36. Qb7 Qxb8 37. Qxb8+ Ke7 38. Qc7+ Kf6 39. Qxd6+ Kg5 40. Qxe5
g6 41. f4+ Kh6 42. exf5 gxf5 43. g4 fxg4 44. hxg4 a4 45. Qf6# 1-0

[Event "PJKL 2008 D categorie"]
[Site "Roermond"]
[Date "2008.12.28"]
[Round "1"]
[White "Huibers, Lars "]
[Black "Schols, Jeroen "]
[Result "0-1"]
[ECO "C50"]
[WhiteElo "933"]
[BlackElo "870"]
[PlyCount "62"]
[EventDate "2008.??.??"]
[TimeControl "240+2"]

{1MB, Fritz10.ctg, ERIC-LAPTOP} 1. e4 e5 2. Nf3 Nc6 3. Bc4 Bc5 4. O-O Nf6 5.
Nc3 d6 6. d3 Bg4 7. h3 Bxf3 8. Qxf3 O-O 9. Bg5 Nd4 10. Qd1 h6 11. Bh4 g5 12.
Bg3 a6 13. Nd5 Nxd5 14. Bxd5 c6 15. Bc4 d5 16. exd5 cxd5 17. Bb3 Nxb3 18. cxb3
Rc8 19. Bxe5 f6 20. Bc3 b5 21. b4 Bd6 22. Qh5 Kh7 23. h4 gxh4 24. Qxh4 f5 25.
Qg3 Bxg3 26. fxg3 Qd6 27. Rf3 f4 28. Raf1 fxg3 29. Rxf8 Rxf8 30. Rxf8 Qxf8 31.
Bd4 Qf4 0-1

[Event "PJKL 2008 D categorie"]
[Site "Gemeente Leudal"]
[Date "2008.12.28"]
[Round "2"]
[White "Schols, Jeroen "]
[Black "Terwel, Diederick "]
[Result "1-0"]
[ECO "D00"]
[WhiteElo "870"]
[BlackElo "976"]
[PlyCount "57"]
[EventDate "2008.??.??"]
[TimeControl "240+2"]

{65MB, Fritz10.ctg, LT-111} 1. d4 d5 2. Nf3 Nf6 3. Nc3 Nc6 4. Bg5 Bf5 5. Bxf6
gxf6 6. e3 Nb4 7. Bd3 Nxd3+ 8. cxd3 Bg4 9. e4 Bxf3 10. Qxf3 dxe4 11. dxe4 Qxd4
12. Qg3 Bh6 13. O-O Bd2 14. Nb5 Qb6 15. Nxc7+ Kd8 16. Nxa8 Qc6 17. Qb8+ Qc8 18.
Qxc8+ Kxc8 19. Rfd1 Rd8 20. a4 Kb8 21. Ra3 Kxa8 22. Rc3 b6 23. Rc2 Kb7 24.
Rcxd2 Rg8 25. Rd7+ Ka6 26. Rc7 Re8 27. b4 b5 28. a5 h5 29. Rdd7 1-0

[Event "PJKL 2008 D categorie"]
[Site "Gemeente Leudal"]
[Date "2008.12.28"]
[Round "2"]
[White "Parren, Ashley "]
[Black "Huibers, Lars "]
[Result "0-1"]
[ECO "C50"]
[WhiteElo "695"]
[BlackElo "933"]
[PlyCount "22"]
[EventDate "2008.??.??"]
[TimeControl "240+2"]

{65MB, Fritz10.ctg, LT-111} 1. e4 e5 2. Bc4 Nf6 3. Nc3 Bc5 4. Nf3 Nc6 5. O-O d6
6. g3 Bg4 7. d3 Nd4 8. Bg5 Nxf3+ 9. Kh1 Nxg5 10. Qd2 Bf3+ 11. Kg1 Nh3# 0-1

[Event "PJKL 2008 D categorie"]
[Site "Gemeente Leudal"]
[Date "2008.12.28"]
[Round "2"]
[White "van Meegen, Judith "]
[Black "Vink, Koen "]
[Result "1-0"]
[ECO "C46"]
[WhiteElo "1157"]
[BlackElo "817"]
[PlyCount "39"]
[EventDate "2008.??.??"]
[TimeControl "240+2"]

{65MB, Fritz10.ctg, LT-111} 1. e4 e5 2. Nf3 Nc6 3. Nc3 Bc5 4. Nxe5 Nxe5 5. d4
Bd6 6. dxe5 Bxe5 7. Bc4 Nf6 8. Bg5 d6 9. O-O Bg4 10. Qd2 h6 11. Bh4 g5 12. Bg3
Bxg3 13. fxg3 h5 14. Qxg5 Nd7 15. Bxf7+ Kf8 16. Bxh5+ Bf5 17. Rxf5+ Nf6 18.
Rxf6+ Qxf6 19. Qxf6+ Kg8 20. Qf7# 1-0

[Event "PJKL 2008 D categorie"]
[Site "Gemeente Leudal"]
[Date "2008.12.28"]
[Round "2"]
[White "Broens, Damian "]
[Black "Redman, Justin "]
[Result "1-0"]
[ECO "C57"]
[WhiteElo "879"]
[BlackElo "448"]
[PlyCount "61"]
[EventDate "2008.??.??"]
[TimeControl "240+2"]

{65MB, Fritz10.ctg, LT-111} 1. e4 e5 2. Nf3 Nc6 3. Bc4 Nf6 4. Ng5 Qe7 5. Nxf7
Rg8 6. Nxe5 Qxe5 7. Bxg8 Qxe4+ 8. Qe2 Nxg8 9. Nc3 Qe5 10. d4 Nxd4 11. Qxe5+ Kd8
12. Qxd4 Bb4 13. Qxb4 d6 14. Bg5+ Ke8 15. Nb5 c6 16. Nc7+ Kd7 17. Nxa8 c5 18.
Qg4+ Kc6 19. Qxc8+ Kd5 20. Qxg8+ Kc6 21. Qc8+ Kd5 22. Rd1+ Ke5 23. Bf4+ Kxf4
24. Qe6 d5 25. Rd3 d4 26. Rf3+ Kg5 27. Qe5+ Kg6 28. Qg3+ Kh6 29. Qh4+ Kg6 30.
Qg4+ Kh6 31. Rh3# 1-0

[Event "PJKL 2008 D categorie"]
[Site "Gemeente Leudal"]
[Date "2008.12.28"]
[Round "2"]
[White "Reijnders, Yari "]
[Black "Hegge, Freek "]
[Result "0-1"]
[ECO "C55"]
[WhiteElo "586"]
[BlackElo "888"]
[PlyCount "36"]
[EventDate "2008.??.??"]
[TimeControl "240+2"]

{65MB, Fritz10.ctg, LT-111} 1. e4 e5 2. Bc4 Nf6 3. d3 Nc6 4. Nf3 g6 5. Ng5 d5
6. exd5 Ne7 7. d6 Ned5 8. Bxd5 Nxd5 9. O-O cxd6 10. c4 Nf6 11. Nc3 Bg7 12. Re1
O-O 13. d4 exd4 14. Qxd4 Re8 15. Rxe8+ Nxe8 16. Qd5 Nf6 17. Qd4 Qe8 18. Qh4
Qe1# 0-1

[Event "PJKL 2008 D categorie"]
[Site "Gemeente Leudal"]
[Date "2008.12.28"]
[Round "2"]
[White "Schreibing, Dani "]
[Black "Maesen, Roy "]
[Result "0-1"]
[ECO "A00"]
[WhiteElo "624"]
[BlackElo "1330"]
[PlyCount "37"]
[EventDate "2008.??.??"]
[TimeControl "240+2"]

{65MB, Fritz10.ctg, LT-111} 1. e4 d5 2. Nc3 dxe4 3. Nxe4 Bf5 4. Bb5+ c6 5. Bd3
Bxe4 6. Bxe4 Nf6 7. d3 Nxe4 8. Nf3 Nf6 9. Bg5 Nbd7 10. Bxf6 Nxf6 11. Ne5 Qa5+
12. c3 Qxe5+ 13. Qe2 Qxe2+ 14. Kxe2 Nd5 15. Kd2 e6 16. Rhe1 O-O-O 17. c4 Nf6
18. Kc2 Bc5 19. Re2 0-1

[Event "PJKL 2008 D categorie"]
[Site "Gemeente Leudal"]
[Date "2008.12.28"]
[Round "2"]
[White "Damen, Ruben "]
[Black "Steinbusch, Milan "]
[Result "0-1"]
[ECO "C50"]
[WhiteElo "886"]
[BlackElo "763"]
[PlyCount "81"]
[EventDate "2008.??.??"]
[TimeControl "240+2"]

{65MB, Fritz10.ctg, LT-111} 1. e4 e5 2. Bc4 Nc6 3. Nf3 Bc5 4. Nc3 d6 5. d3 Bg4
6. h3 Bxf3 7. gxf3 Nf6 8. Bg5 O-O 9. Rg1 Qe7 10. Bh6 Ne8 11. Bxg7 Nxg7 12. f4
Qh4 13. Qd2 Nd4 14. O-O-O Nf3 15. Rxg7+ Kxg7 16. Rg1+ Nxg1 17. Nd5 Qxf2 18. Qd1
Ne2+ 19. Kb1 Qg1 20. Qxg1+ Nxg1 21. c3 Kh8 22. b4 Bb6 23. fxe5 dxe5 24. Nf6 Kg7
25. Nh5+ Kg6 26. Ng3 Rg8 27. d4 Kf6 28. Nh5+ Ke7 29. dxe5 Rg5 30. Nf4 Nf3 31.
Nd5+ Kd8 32. Ne3 Rg3 33. Nf1 Rxh3 34. Be2 h5 35. Ne3 Nd2+ 36. Kc2 Rxe3 37. Kxd2
Rh3 38. Ke1 h4 39. Kf1 Rxc3 40. Kg2 h3+ 41. Kh1 0-1

[Event "PJKL 2008 D categorie"]
[Site "Roermond"]
[Date "2008.12.28"]
[Round "3"]
[White "Maessen, Roy "]
[Black "van den Berg, Dora-Jane "]
[Result "1-0"]
[ECO "D02"]
[WhiteElo "1330"]
[BlackElo "658"]
[PlyCount "47"]
[EventDate "2008.??.??"]
[TimeControl "240+2"]

{1MB, Fritz10.ctg, ERIC-LAPTOP} 1. d4 d5 2. Nf3 Nc6 3. e3 Bf5 4. Bd3 g6 5. Bxf5
gxf5 6. b3 e5 7. Nxe5 Nxe5 8. dxe5 Bb4+ 9. Bd2 Bxd2+ 10. Qxd2 Nh6 11. Qc3 Qe7
12. e6 Qxe6 13. Qxh8+ Kd7 14. Qxa8 Qe5 15. c3 Qe4 16. O-O Qd3 17. Qxa7 Ng4 18.
Qd4 Qc2 19. Qxd5+ Ke7 20. Nd2 Qxc3 21. Rac1 Qb2 22. Rxc7+ Ke8 23. Qd7+ Kf8 24.
Qxf7# 1-0

[Event "PJKL 2008 D categorie"]
[Site "Roermond"]
[Date "2008.12.28"]
[Round "3"]
[White "Hegge, Freek "]
[Black "Schriebing, Dani "]
[Result "1/2-1/2"]
[ECO "C47"]
[WhiteElo "888"]
[BlackElo "624"]
[PlyCount "70"]
[EventDate "2008.??.??"]
[TimeControl "240+2"]

{1MB, Fritz10.ctg, ERIC-LAPTOP} 1. e4 e5 2. Nf3 Nc6 3. Nc3 Nf6 4. g3 Bb4 5. d3
d6 6. Bg2 Bg4 7. O-O Bxc3 8. bxc3 Bxf3 9. Qxf3 O-O 10. Rb1 d5 11. Bg5 d4 12. c4
h6 13. Bxf6 gxf6 14. Qg4+ Kh8 15. Rxb7 Qc8 16. Rb3 Qxg4 17. h3 Qg5 18. a4 Qd2
19. Rb2 Qc3 20. Rb3 Qxc2 21. Rb7 Qxd3 22. Rxc7 Qxc4 23. a5 Rfc8 24. Rxf7 Nxa5
25. Rxf6 Nb3 26. Rxh6+ Kg7 27. Rh4 Qc1 28. Rxc1 Rxc1+ 29. Bf1 Nd2 30. Rg4+ Kh7
31. Rh4+ Kg6 32. Rg4+ Kh6 33. Rh4+ Kg6 34. Rg4+ Kh6 35. Rh4+ Kg6 1/2-1/2

[Event "PJKL 2008 D categorie"]
[Site "Roermond"]
[Date "2008.12.28"]
[Round "3"]
[White "Redman, Justin "]
[Black "Reijnders, Yari "]
[Result "0-1"]
[ECO "B01"]
[WhiteElo "448"]
[BlackElo "586"]
[PlyCount "20"]
[EventDate "2008.??.??"]
[TimeControl "240+2"]

{1MB, Fritz10.ctg, ERIC-LAPTOP} 1. e4 d5 2. Qf3 Nf6 3. b3 dxe4 4. Qf4 Nd5 5.
Qxe4 g6 6. Nf3 Bg7 7. Bc4 c6 8. Qd4 Rg8 9. Ne5 Bf5 10. a3 a6 {Vanaf dit punt
is de partij vanaf de ingeleverde natatieformulieren niet te reconstrueren.}
0-1

[Event "PJKL 2008 D categorie"]
[Site "Roermond"]
[Date "2008.12.28"]
[Round "3"]
[White "Steinbusch, Milan "]
[Black "van Meegen, Judith "]
[Result "0-1"]
[ECO "C67"]
[WhiteElo "763"]
[BlackElo "1157"]
[PlyCount "92"]
[EventDate "2008.??.??"]
[TimeControl "240+2"]

{1MB, Fritz10.ctg, ERIC-LAPTOP} 1. e4 e5 2. Nf3 Nc6 3. Bb5 Nf6 4. O-O Nxe4 5.
d3 Nc5 6. Bxc6 bxc6 7. Nc3 Bd6 8. Be3 Qe7 9. Bxc5 Bxc5 10. Re1 d6 11. d4 Bb4
12. dxe5 O-O 13. exd6 Qxd6 14. Re3 Qg6 15. g3 Ba6 16. a3 Bc5 17. Re1 Qf6 18.
Re5 Rad8 19. Qe1 Bb6 20. Kg2 Bb7 21. Ne4 Rd5 22. Nxf6+ gxf6 23. Rxd5 cxd5 24.
a4 Bc6 25. Qc3 Ba8 26. a5 d4 27. Qa3 d3 28. axb6 dxc2 29. Qb4 cxb6 30. Rc1 f5
31. Rxc2 Be4 32. Re2 a5 33. Qxb6 a4 34. Qe3 Rb8 35. Qg5+ Kf8 36. Rd2 Rc8 37.
Rd8+ Rxd8 38. Qxd8+ Kg7 39. Qd4+ Kf8 40. Qe3 Kg7 41. h4 h5 42. Qg5+ Kf8 43.
Qxh5 Ke7 44. Kf1 Kf8 45. Ng5 Bd3+ 46. Ke1 Bc4 0-1

[Event "PJKL 2008 D categorie"]
[Site "Roermond"]
[Date "2008.12.28"]
[Round "3"]
[White "Huibers, Lars "]
[Black "Damen, Ruben "]
[Result "1-0"]
[ECO "C50"]
[WhiteElo "933"]
[BlackElo "886"]
[PlyCount "67"]
[EventDate "2008.??.??"]
[TimeControl "240+2"]

{1MB, Fritz10.ctg, ERIC-LAPTOP} 1. e4 e5 2. Nf3 Nc6 3. Nc3 Nf6 4. Bc4 Bc5 5. d3
d6 6. Bg5 Bg4 7. h3 Bd7 8. Nd5 h6 9. Nxf6+ gxf6 10. Bh4 Nd4 11. Nxd4 Bxd4 12.
c3 Bb6 13. O-O Rg8 14. Qf3 c5 15. Bxf6 Qc8 16. Qh5 Be6 17. Bxe6 Qxe6 18. Qxh6
Bd8 19. Qh7 Rf8 20. Bg7 Be7 21. Bxf8 Bxf8 22. f4 exf4 23. Rxf4 d5 24. Raf1
O-O-O 25. Rxf7 Bd6 26. d4 dxe4 27. Rxb7 cxd4 28. cxd4 Qd5 29. Rc1+ Bc5 30.
Rxc5+ Qxc5 31. dxc5 Rd1+ 32. Kh2 Rh1+ 33. Kxh1 a6 34. Qd7# 1-0

[Event "PJKL 2008 D categorie"]
[Site "Roermond"]
[Date "2008.12.28"]
[Round "3"]
[White "Terwel, Diederick "]
[Black "Parren, Ashley "]
[Result "1-0"]
[ECO "C40"]
[WhiteElo "976"]
[BlackElo "695"]
[PlyCount "72"]
[EventDate "2008.??.??"]
[TimeControl "240+2"]

{1MB, Fritz10.ctg, ERIC-LAPTOP} 1. e4 e5 2. Nf3 Bd6 3. d4 exd4 4. Nxd4 Qf6 5.
Nf3 Nh6 6. e5 Bxe5 7. Qe2 O-O 8. Nxe5 Re8 9. Bxh6 Rxe5 10. Be3 Nc6 11. g3 Nd4
12. Bg2 Nxe2 13. Kxe2 Qa6+ 14. Ke1 Qa5+ 15. Nc3 d5 16. Bf1 d4 17. Rd1 Bg4 18.
Rxd4 c5 19. Rxg4 Rd8 20. Bg2 g6 21. Rg5 Rxg5 22. Bxg5 Re8+ 23. Kd1 c4 24. Kc1
Qxg5+ 25. f4 Qe7 26. Nd5 Qd8 27. Rd1 Re6 28. Bh3 Rd6 29. Bg2 g5 30. Be4 b6 31.
Rd4 gxf4 32. gxf4 b5 33. Kd2 Qh4 34. Kc3 Qh3+ 35. Kb4 a6 36. Kc5 Qd7 1-0

[Event "PJKL 2008 D categorie"]
[Site "Roermond"]
[Date "2008.12.28"]
[Round "3"]
[White "van der Laan, Daniel "]
[Black "Schols, Jeroen "]
[Result "0-1"]
[ECO "C20"]
[WhiteElo "593"]
[BlackElo "870"]
[PlyCount "66"]
[EventDate "2008.??.??"]
[TimeControl "240+2"]

{1MB, Fritz10.ctg, ERIC-LAPTOP} 1. e4 e5 2. Qh5 Nc6 3. Bb5 d6 4. Nf3 Nf6 5. O-O
Bg4 6. Qg5 Bxf3 7. gxf3 Nxe4 8. fxe4 Qxg5+ 9. Kh1 O-O-O 10. d4 Nxd4 11. Nc3 Qg6
12. Bd3 Be7 13. Rg1 Qf6 14. Bg5 Qxf2 15. Bd2 Qxd2 16. a4 Nf3 17. Be2 Nxg1 18.
Rxg1 Qxc2 19. Rxg7 Qc1+ 20. Kg2 Rhg8 21. Na2 Rxg7+ 22. Kf3 Qh1+ 23. Ke3 Qxh2
24. Nc3 Qg3+ 25. Kd2 Bg5+ 26. Kc2 Qf2 27. Nb5 Qxe2+ 28. Kc3 Bd2+ 29. Kb3 Qxe4
30. Nxa7+ Kb8 31. Nb5 Rg3+ 32. Ka2 Bb4 33. Nd4 Ra3+ 0-1

[Event "PJKL 2008 AB categorie"]
[Site "Roermond"]
[Date "2008.12.29"]
[Round "5"]
[White "Clevers, Egbert "]
[Black "Smith, Thijmen "]
[Result "1/2-1/2"]
[ECO "A00"]
[WhiteElo "2109"]
[BlackElo "1961"]
[PlyCount "53"]
[EventDate "2008.??.??"]
[TimeControl "240+2"]

{1MB, Fritz10.ctg, ERIC-LAPTOP} 1. Nc3 d5 2. e4 dxe4 3. Nxe4 Bf5 4. Ng3 Bg6 5.
d4 e6 6. c3 Nd7 7. Nh3 Bd6 8. Bf4 Ne7 9. Bxd6 cxd6 10. Nf4 d5 11. Nxg6 Nxg6 12.
Qd2 O-O 13. Bd3 Qc7 14. O-O Nb6 15. Rae1 Nc4 16. Bxc4 Qxc4 17. Ra1 b5 18. Ne2
Rfc8 19. Rfc1 Rab8 20. a3 a5 21. g3 e5 22. Rd1 e4 23. Rdc1 f6 24. Nf4 Nxf4 25.
Qxf4 Qe2 26. Rab1 Re8 27. Qe3 1/2-1/2

[Event "PJKL 2008 AB categorie"]
[Site "Roermond"]
[Date "2008.12.29"]
[Round "5"]
[White "Bachaus, Sander "]
[Black "Hendrix, Judith "]
[Result "1-0"]
[ECO "B20"]
[WhiteElo "1853"]
[BlackElo "1631"]
[PlyCount "63"]
[EventDate "2008.??.??"]
[TimeControl "240+2"]

{1MB, Fritz10.ctg, ERIC-LAPTOP} 1. e4 c5 2. a3 Nc6 3. b4 cxb4 4. axb4 Nxb4 5.
d4 b6 6. c3 Nc6 7. Na3 Bb7 8. f4 Na5 9. Bd3 Rc8 10. Ne2 Nf6 11. d5 a6 12. c4 d6
13. O-O Nd7 14. Nd4 Qc7 15. Bb2 Nc5 16. Bc2 Nd7 17. Bd3 Nc5 18. Bc2 e6 19. Qh5
g6 20. Qf3 Bg7 21. Ndb5 axb5 22. Bxg7 Rg8 23. Nxb5 Qd7 24. Bd4 Nxc4 25. Qe2
Qxb5 26. Rfb1 Qd7 27. Qxc4 Nxe4 28. Qd3 exd5 29. Ra7 Nc5 30. Bxc5 dxc5 31. Rxb6
Rc7 32. Ba4 1-0

[Event "PJKL 2008 AB categorie"]
[Site "Roermond"]
[Date "2008.12.29"]
[Round "5"]
[White "Freriks, Oscar "]
[Black "van Meegen, Ruud "]
[Result "0-1"]
[ECO "B72"]
[WhiteElo "1341"]
[BlackElo "1693"]
[PlyCount "90"]
[EventDate "2008.??.??"]
[TimeControl "240+2"]

{1MB, Fritz10.ctg, ERIC-LAPTOP} 1. e4 c5 2. Nf3 d6 3. d4 cxd4 4. Nxd4 Nf6 5.
Nc3 g6 6. Bd3 Bg7 7. O-O O-O 8. Be3 Ng4 9. Qd2 Nxe3 10. Qxe3 Qb6 11. Ndb5 Qxe3
12. fxe3 Nc6 13. Rab1 Bd7 14. Nd5 Rad8 15. b4 a6 16. Nd4 Nxd4 17. Nxe7+ Kh8 18.
exd4 Bxd4+ 19. Kh1 b5 20. a3 Kg7 21. Nd5 Rc8 22. h3 Be6 23. Nf4 Bc4 24. Ne2 Be5
25. Rf3 Bxd3 26. cxd3 Rc2 27. Nc1 Rfc8 28. Nb3 Rb2 29. Rff1 Rcc2 30. d4 Bf6 31.
Rg1 Rxg2 32. Rxb2 Rxb2 33. Rg3 Ra2 34. Na5 Bxd4 35. Nc6 Ra1+ 36. Kh2 Be5 37.
Nxe5 dxe5 38. Rf3 Kf8 39. Kg3 h6 40. Rc3 h5 41. Kh4 Rg1 42. Rg3 Rxg3 43. Kxg3
Kg7 44. h4 f5 45. Kf3 Kf6 0-1

[Event "PJKL 2008 AB categorie"]
[Site "Roermond"]
[Date "2008.12.29"]
[Round "5"]
[White "Faassen, Guido "]
[Black "de la Fonteijne, Frederik "]
[Result "1-0"]
[ECO "C14"]
[WhiteElo "1756"]
[BlackElo "1258"]
[PlyCount "27"]
[EventDate "2008.??.??"]
[TimeControl "240+2"]

{1MB, Fritz10.ctg, ERIC-LAPTOP} 1. e4 e6 2. d4 d5 3. Nc3 Nf6 4. Bg5 Be7 5. e5
Nfd7 6. h4 f6 7. Qh5+ g6 8. exf6 Bxf6 9. Qh6 Nc6 10. Nf3 Nf8 11. h5 Bxg5 12.
Nxg5 Nxd4 13. hxg6 Nxg6 14. Qxg6+ 1-0

[Event "PJKL 2008 AB categorie"]
[Site "Roermond"]
[Date "2008.12.29"]
[Round "5"]
[White "Clabbers, Sjors "]
[Black "Frijns, Raoul "]
[Result "0-1"]
[ECO "B32"]
[WhiteElo "1287"]
[BlackElo "1682"]
[PlyCount "36"]
[EventDate "2008.??.??"]
[TimeControl "240+2"]

{1MB, Fritz10.ctg, ERIC-LAPTOP} 1. e4 c5 2. Nf3 Nc6 3. d4 cxd4 4. Bc4 Nf6 5. e5
Nxe5 6. Nxd4 Nxc4 7. O-O e6 8. b3 Nb6 9. Nb5 d6 10. Ba3 d5 11. Bb2 Nbd7 12. Re1
a6 13. Nd4 Be7 14. Qe2 Nb6 15. a4 Bd7 16. Nd2 O-O 17. N2f3 Ne4 18. Ne5 Bd6 0-1

[Event "PJKL 2008 AB categorie"]
[Site "Roermond"]
[Date "2008.12.29"]
[Round "5"]
[White "Strolenberg, Lars "]
[Black "Cals, Florens "]
[Result "1-0"]
[ECO "C30"]
[WhiteElo "1589"]
[BlackElo "1081"]
[PlyCount "33"]
[EventDate "2008.??.??"]
[TimeControl "240+2"]

{1MB, Fritz10.ctg, ERIC-LAPTOP} 1. e4 d6 2. f4 e5 3. Nc3 Nf6 4. Nf3 Nc6 5. Bc4
g6 6. O-O Bh6 7. Ng5 Bxg5 8. fxg5 d5 9. exd5 Na5 10. Bb5+ c6 11. dxc6 bxc6 12.
Bxc6+ Nxc6 13. gxf6 Qd4+ 14. Kh1 Bf5 15. d3 h6 16. Nb5 O-O 17. Nxd4 1-0

[Event "PJKL 2008 AB categorie"]
[Site "Roermond"]
[Date "2008.12.29"]
[Round "5"]
[White "Kool, Patrick "]
[Black "Leyten, Solange "]
[Result "1-0"]
[ECO "E90"]
[WhiteElo "1350"]
[BlackElo "631"]
[PlyCount "81"]
[EventDate "2008.??.??"]
[TimeControl "240+2"]

{1MB, Fritz10.ctg, ERIC-LAPTOP} 1. d4 g6 2. c4 Bg7 3. Nf3 Nf6 4. Nc3 O-O 5. e4
d6 6. h3 a6 7. Be2 Bd7 8. O-O c6 9. Bf4 b5 10. Qb3 Be6 11. d5 bxc4 12. Bxc4 Bd7
13. Qb7 e6 14. Qxa8 cxd5 15. exd5 Qb6 16. Bd2 Qb4 17. Bxa6 exd5 18. Qb7 Nc6 19.
Qxb4 Nxb4 20. Be2 Nh5 21. Nd4 Be5 22. Bxh5 Nd3 23. Bf3 Kg7 24. Nxd5 f6 25. Nc7
f5 26. Nce6+ Bxe6 27. Nxe6+ Kf7 28. Nxf8 Kxf8 29. a4 f4 30. Bb7 h5 31. a5 Nxb2
32. Ra2 Nc4 33. Bd5 h4 34. Bxc4 g5 35. a6 Kg7 36. a7 Kh6 37. a8=Q Kh5 38. Bf7+
Kh6 39. Qf8+ Kh7 40. Qg8+ Kh6 41. Qg6# 1-0

[Event "PJKL 2008 AB categorie"]
[Site "Roermond"]
[Date "2008.12.29"]
[Round "6"]
[White "Faassen, Guido "]
[Black "Clevers, Egbert "]
[Result "1/2-1/2"]
[ECO "A04"]
[WhiteElo "1756"]
[BlackElo "2109"]
[PlyCount "37"]
[EventDate "2008.??.??"]
[TimeControl "240+2"]

{1MB, Fritz10.ctg, ERIC-LAPTOP} 1. Nf3 b6 2. g3 Bb7 3. Bg2 e6 4. d3 f5 5. O-O
Nf6 6. Nc3 Be7 7. Re1 O-O 8. e4 fxe4 9. Nxe4 Na6 10. c3 Qe8 11. Nxf6+ Bxf6 12.
d4 c6 13. Bf4 Qe7 14. Qe2 Rac8 15. Rad1 Nc7 16. Be5 Ne8 17. Bxf6 Rxf6 18. Ne5
Nd6 19. Rd2 1/2-1/2

[Event "PJKL 2008 AB categorie"]
[Site "Roermond"]
[Date "2008.12.29"]
[Round "6"]
[White "Smith, Thijmen "]
[Black "Bachaus, Sander "]
[Result "1-0"]
[ECO "B00"]
[WhiteElo "1961"]
[BlackElo "1853"]
[PlyCount "83"]
[EventDate "2008.??.??"]
[TimeControl "240+2"]

{1MB, Fritz10.ctg, ERIC-LAPTOP} 1. e4 Nc6 2. d4 d5 3. e5 Bf5 4. Nc3 Nb4 5. Bb5+
c6 6. Ba4 a5 7. a3 Na6 8. Be3 e6 9. Nge2 f6 10. f4 h5 11. O-O Nh6 12. h3 Qd7
13. Nc1 Bg6 14. Nd3 b5 15. Bb3 Nf5 16. Bf2 h4 17. Kh2 Be7 18. Qd2 Bh5 19. Nd1
Bxd1 20. Raxd1 Qc7 21. Rde1 Kf7 22. c3 c5 23. Qe2 Qd7 24. dxc5 Rac8 25. Bc2 Ng3
26. Bxg3 hxg3+ 27. Kxg3 f5 28. Kh2 Nxc5 29. Nxc5 Bxc5 30. Bxf5 g6 31. Bd3 b4
32. f5 gxf5 33. axb4 axb4 34. Rxf5+ Ke7 35. Rf6 Rcg8 36. Ref1 Rg7 37. Bg6 Kd8
38. Qa6 Qc7 39. Qxe6 b3 40. Rf8+ Rxf8 41. Rxf8+ Bxf8 42. Qe8# 1-0

[Event "PJKL 2008 AB categorie"]
[Site "Roermond"]
[Date "2008.12.29"]
[Round "6"]
[White "Hendrix, Judith "]
[Black "van Meegen, Ruud "]
[Result "0-1"]
[ECO "B21"]
[WhiteElo "1631"]
[BlackElo "1693"]
[PlyCount "146"]
[EventDate "2008.??.??"]
[TimeControl "240+2"]

{1MB, Fritz10.ctg, ERIC-LAPTOP} 1. e4 c5 2. d3 Nc6 3. f4 d6 4. g3 Nf6 5. Bg2 g6
6. Nf3 Bg7 7. c3 d5 8. e5 Ng8 9. d4 cxd4 10. cxd4 h5 11. Nbd2 Nh6 12. Nb3 b6
13. Be3 Ba6 14. h3 Qd7 15. Rc1 Nb4 16. Kf2 Nd3+ 17. Kg1 Nxc1 18. Nxc1 O-O 19.
a4 Rac8 20. b4 Bc4 21. Nd2 Ba6 22. b5 Bb7 23. Kh2 Rc3 24. Bf2 Rfc8 25. Ncb3 Qf5
26. Bf3 Qc2 27. Qxc2 Rxc2 28. Ra1 e6 29. Bd1 R2c3 30. a5 Rb8 31. axb6 axb6 32.
Ra7 Bf8 33. Kg1 Nf5 34. g4 hxg4 35. hxg4 Ne3 36. Bxe3 Rxe3 37. Kf2 Rc3 38. g5
Rc7 39. Ra2 Ra8 40. Rb2 Bc8 41. Nf1 Bd7 42. Nbd2 Ra5 43. Be2 Rca7 44. Nf3 Ra4
45. Ne3 Rb4 46. Rxb4 Bxb4 47. Ng4 Be7 48. Nf6+ Bxf6 49. gxf6 Ra5 50. Ng5 Bxb5
51. Bg4 Bd7 52. Be2 b5 53. Bd3 b4 54. Ke3 Ra2 55. Bb1 b3 56. Nf3 Bb5 57. Nd2
Ra1 58. Bd3 Re1+ 59. Kf2 Bxd3 60. Kxe1 b2 61. Kf2 b1=Q 62. Nxb1 Bxb1 63. Kg3
Kh7 64. Kg4 Kh6 65. Kh4 Bf5 66. Kg3 Kh5 67. Kf3 Kh4 68. Kf2 Kg4 69. Kg1 Kxf4
70. Kg2 Ke4 71. Kg3 Kxd4 72. Kh4 Kxe5 73. Kg5 d4 0-1

[Event "PJKL 2008 AB categorie"]
[Site "Roermond"]
[Date "2008.12.29"]
[Round "6"]
[White "Frijns, Raoul "]
[Black "van Vliembergen, Marina "]
[Result "0-1"]
[ECO "A45"]
[WhiteElo "1682"]
[BlackElo "1686"]
[PlyCount "26"]
[EventDate "2008.??.??"]
[TimeControl "240+2"]

{1MB, Fritz10.ctg, ERIC-LAPTOP} 1. d4 Nf6 2. Bg5 e6 3. e4 Be7 4. e5 Nd5 5. Bxe7
Qxe7 6. g3 Qb4+ 7. Nc3 Nxc3 8. bxc3 Qxc3+ 9. Ke2 b6 10. f3 Nc6 11. Kf2 Nxd4 12.
Bd3 Bb7 13. Rb1 Qc5 0-1

[Event "PJKL 2008 AB categorie"]
[Site "Roermond"]
[Date "2008.12.29"]
[Round "6"]
[White "Freriks, Oscar "]
[Black "Strolenberg, Lars "]
[Result "1-0"]
[ECO "C45"]
[WhiteElo "1341"]
[BlackElo "1589"]
[PlyCount "73"]
[EventDate "2008.??.??"]
[TimeControl "240+2"]

{1MB, Fritz10.ctg, ERIC-LAPTOP} 1. e4 e5 2. Nf3 Nc6 3. d4 exd4 4. Nxd4 Bc5 5.
Be3 Qf6 6. c3 Nge7 7. Bc4 d6 8. O-O Ne5 9. Bb3 Qg6 10. Nf3 Bg4 11. Nxe5 dxe5
12. Qc2 Bh3 13. g3 Bxe3 14. fxe3 Bxf1 15. Kxf1 Qh6 16. Qf2 O-O 17. Nd2 Rad8 18.
Nc4 Nc6 19. Kg2 Qg6 20. Qf3 b5 21. Na3 Rd2+ 22. Kg1 a6 23. Rf1 Na5 24. Bd1 Rxb2
25. Nc2 c5 26. Na1 Rxa2 27. Nb3 Nxb3 28. Bxb3 Ra3 29. Bd5 Rxc3 30. Qe2 Qh6 31.
Rf3 c4 32. Qf1 Qh5 33. Rf5 Qg6 34. Rxe5 Rxe3 35. Kg2 Ra3 36. Qf2 Qh6 37. Qxf7+
1-0